| TOP OF THE 1ST |
|
Great Falls Voyagers batting - Pitching for Oakland (APP) Athletics : RHP Craig Daniel
|
|
Pitching: RHP Craig Daniel
|
|
|
Batting: SHB Jay Gagnon
|
0-0: Ball 1-0: Ball 2-0: Ball 3-0: Swinging Strike 3-1: Foul Ball, location: 2F 3-2: Foul Ball, location: 2F 3-2: Fly out, F5 (Popup, 5, EV 66.2 MPH)
|
|
Batting: RHB Mike Rosa
|
0-0: Called Strike 0-1: Ball 1-1: Foul Ball, location: 2F 1-2: Ball 2-2: Foul Ball, location: 2F 2-2: Foul Ball, location: 2F 2-2: Strikes out swinging
|
|
Batting: LHB Jeff Alphonso
|
0-0: Foul Ball, location: 2F 0-1: Ball 1-1: Ground out 6-3 (Groundball, 6M, EV 109.4 MPH)
|
| Top of the 1st over - 0 runs, 0 hits, 0 errors, 0 left on base; Great Falls 0 - Oakland (APP) 0 |
| BOTTOM OF THE 1ST |
|
Oakland (APP) Athletics batting - Pitching for Great Falls Voyagers : RHP Dicky Goedhart
|
|
Pitching: RHP Dicky Goedhart
|
|
|
Batting: LHB Tomas Segarra
|
0-0: Ball 1-0: Ball 2-0: Ball 3-0: Called Strike 3-1: Ground out 4-3 (Groundball, 4, EV 105.6 MPH)
|
|
Batting: RHB Matt Sherard
|
0-0: Swinging Strike 0-1: Ball 1-1: Fly out, F8 (Line Drive, 8LM, EV 97.5 MPH)
|
|
Batting: SHB D.J. Codd
|
0-0: Ball 1-0: Called Strike 1-1: Foul Ball, location: 2F 1-2: Strikes out swinging
|
| Bottom of the 1st over - 0 runs, 0 hits, 0 errors, 0 left on base; Great Falls 0 - Oakland (APP) 0 |
| TOP OF THE 2ND |
|
Great Falls Voyagers batting - Pitching for Oakland (APP) Athletics : RHP Craig Daniel
|
|
Batting: RHB Mitch Cuadros
|
0-0: Ball 1-0: Foul Ball, location: 2F 1-1: Swinging Strike 1-2: Ground out 6-3 (Groundball, 6, EV 88.1 MPH)
|
|
Batting: RHB Jake Feinstein
|
0-0: Ball 1-0: Swinging Strike 1-1: Foul Ball, location: 2F 1-2: Strikes out swinging
|
|
Batting: RHB David Rhodes
|
0-0: Called Strike 0-1: Ball 1-1: SINGLE (Groundball, 6S, EV 67.5 MPH) (infield hit)
|
|
Batting: RHB Billy Grubbs
|
0-0: Ball 1-0: Ball 2-0: Ball 3-0: Fly out, F6 (Popup, 6, EV 65.0 MPH)
|
| Top of the 2nd over - 0 runs, 1 hit, 0 errors, 1 left on base; Great Falls 0 - Oakland (APP) 0 |
| BOTTOM OF THE 2ND |
|
Oakland (APP) Athletics batting - Pitching for Great Falls Voyagers : RHP Dicky Goedhart
|
|
Batting: RHB Scott Wiggs
|
0-0: Swinging Strike 0-1: Foul Ball, location: 2F 0-2: Foul Ball, location: 2F 0-2: Ball 1-2: Ball 2-2: Ball 3-2: Foul Ball, location: 2F 3-2: SINGLE (Flyball, 5D, EV 91.9 MPH)
|
|
Batting: LHB Gregg Power
|
0-0: Ball 1-0: Fly out, F7 (Flyball, 78XD, EV 91.9 MPH)
|
|
Batting: RHB Moses Brokken
|
0-0: Ball Scott Wiggs is caught stealing 2nd base 2-4 1-0: Foul Ball, location: 2F 1-1: Ball 2-1: Ball 3-1: Swinging Strike 3-2: Base on Balls
|
|
Batting: RHB Shannon Beck
|
0-0: Ball 1-0: Called Strike 1-1: SINGLE (Groundball, 56D, EV 98.8 MPH) Moses Brokken to second
|
|
Batting: RHB Zack DiCicco
|
0-0: Foul Ball, location: 2F 0-1: Swinging Strike 0-2: Ball 1-2: Strikes out swinging
|
| Bottom of the 2nd over - 0 runs, 2 hits, 0 errors, 2 left on base; Great Falls 0 - Oakland (APP) 0 |
| TOP OF THE 3RD |
|
Great Falls Voyagers batting - Pitching for Oakland (APP) Athletics : RHP Craig Daniel
|
|
Batting: RHB Kasey Bland
|
0-0: Called Strike 0-1: Ball 1-1: Foul Ball, location: 2F 1-2: Ground out 5-3 (Groundball, 56, EV 103.8 MPH)
|
|
Batting: RHB Vladmiri Nugaibekov
|
0-0: Ball 1-0: Ball 2-0: Swinging Strike 2-1: Foul Ball, location: 2F 2-2: DOUBLE (Line Drive, 9LM, EV 112.5 MPH)
|
|
Batting: SHB Jay Gagnon
|
0-0: Foul Ball, location: 2F 0-1: Ball 1-1: Foul Ball, location: 2F 1-2: Foul Ball, location: 2F 1-2: Ball 2-2: Foul Ball, location: 2F 2-2: Foul Ball, location: 2F 2-2: SINGLE (Line Drive, 34, EV 95.0 MPH) Vladmiri Nugaibekov to third Runner from 3rd tries for Home, throw by RF and OUT! 9-2
|
|
Batting: RHB Mike Rosa
|
0-0: Called Strike 0-1: Ball 1-1: Called Strike 1-2: Ball Jay Gagnon is caught stealing 2nd base 2-4
|
| Top of the 3rd over - 0 runs, 2 hits, 0 errors, 0 left on base; Great Falls 0 - Oakland (APP) 0 |
| BOTTOM OF THE 3RD |
|
Oakland (APP) Athletics batting - Pitching for Great Falls Voyagers : RHP Dicky Goedhart
|
|
Batting: LHB Nick Pacheco
|
0-0: Called Strike 0-1: Ball 1-1: Foul Ball, location: 2F 1-2: Foul Ball, location: 2F 1-2: Ball 2-2: Ball 3-2: Foul Ball, location: 2F 3-2: Ground out 6-3 (Groundball, 6, EV 90.0 MPH)
|
|
Batting: LHB Tomas Segarra
|
0-0: Called Strike 0-1: Ball 1-1: Called Strike 1-2: Ball 2-2: Strikes out swinging
|
|
Batting: RHB Matt Sherard
|
0-0: Called Strike 0-1: Ball 1-1: Foul Ball, location: 2F 1-2: Foul Ball, location: 2F 1-2: Strikes out swinging
|
| Bottom of the 3rd over - 0 runs, 0 hits, 0 errors, 0 left on base; Great Falls 0 - Oakland (APP) 0 |
| TOP OF THE 4TH |
|
Great Falls Voyagers batting - Pitching for Oakland (APP) Athletics : RHP Craig Daniel
|
|
Batting: RHB Mike Rosa
|
0-0: Hit by Pitch
|
|
Batting: LHB Jeff Alphonso
|
0-0: Grounds into double play, 4-6-3 (Groundball, 34, EV 82.5 MPH)
|
|
Batting: RHB Mitch Cuadros
|
0-0: Ball 1-0: Foul Ball, location: 2F 1-1: Ball 2-1: Foul Ball, location: 2F 2-2: SINGLE (Groundball, 4M, EV 101.9 MPH) (infield hit)
|
|
Batting: RHB Jake Feinstein
|
0-0: Called Strike 0-1: Swinging Strike 0-2: Ball 1-2: Ball Wild Pitch! Mitch Cuadros to second 2-2: Ball 3-2: Foul Ball, location: 2F 3-2: Fly out, F8 (Flyball, 8RD, EV 89.4 MPH)
|
| Top of the 4th over - 0 runs, 1 hit, 0 errors, 1 left on base; Great Falls 0 - Oakland (APP) 0 |
| BOTTOM OF THE 4TH |
|
Oakland (APP) Athletics batting - Pitching for Great Falls Voyagers : RHP Dicky Goedhart
|
|
Batting: SHB D.J. Codd
|
0-0: Ball 1-0: Swinging Strike 1-1: Foul Ball, location: 2F 1-2: Ball 2-2: Foul Ball, location: 2F 2-2: Strikes out swinging
|
|
Batting: RHB Scott Wiggs
|
0-0: Ball 1-0: Called Strike 1-1: Foul Ball, location: 2F 1-2: Hit by Pitch
|
|
Batting: LHB Gregg Power
|
0-0: Grounds into double play, U6-3 (Groundball, 4MD, EV 88.1 MPH)
|
| Bottom of the 4th over - 0 runs, 0 hits, 0 errors, 0 left on base; Great Falls 0 - Oakland (APP) 0 |
| TOP OF THE 5TH |
|
Great Falls Voyagers batting - Pitching for Oakland (APP) Athletics : RHP Craig Daniel
|
|
Batting: RHB David Rhodes
|
0-0: Called Strike 0-1: Fly out, F8 (Flyball, 8LM, EV 84.4 MPH)
|
|
Batting: RHB Billy Grubbs
|
0-0: Called Strike 0-1: Hit by Pitch
|
|
Batting: RHB Kasey Bland
|
0-0: Ground out 5-3 (Groundball, 56S, EV 80.0 MPH) Billy Grubbs to second
|
|
Batting: RHB Vladmiri Nugaibekov
|
0-0: Ball 1-0: Fly out, F4 (Popup, 34S, EV 78.8 MPH)
|
| Top of the 5th over - 0 runs, 0 hits, 0 errors, 1 left on base; Great Falls 0 - Oakland (APP) 0 |
| BOTTOM OF THE 5TH |
|
Oakland (APP) Athletics batting - Pitching for Great Falls Voyagers : RHP Dicky Goedhart
|
|
Batting: RHB Moses Brokken
|
0-0: Ball 1-0: Called Strike 1-1: Called Strike 1-2: Strikes out swinging
|
|
Batting: RHB Shannon Beck
|
0-0: Called Strike 0-1: Called Strike 0-2: Foul Ball, location: 2F 0-2: Strikes out looking
|
|
Batting: RHB Zack DiCicco
|
0-0: Called Strike 0-1: Foul Ball, location: 2F 0-2: Ball 1-2: Ball 2-2: Strikes out swinging
|
| Bottom of the 5th over - 0 runs, 0 hits, 0 errors, 0 left on base; Great Falls 0 - Oakland (APP) 0 |
| TOP OF THE 6TH |
|
Great Falls Voyagers batting - Pitching for Oakland (APP) Athletics : RHP Craig Daniel
|
|
Batting: SHB Jay Gagnon
|
0-0: Fly out, F8 (Flyball, 8LD, EV 98.8 MPH)
|
|
Batting: RHB Mike Rosa
|
0-0: Called Strike 0-1: Foul Ball, location: 2F 0-2: Foul Ball, location: 2F 0-2: Ball 1-2: Ball 2-2: Foul Ball, location: 2F 2-2: Ground out 5-3 (Groundball, 56, EV 91.2 MPH)
|
|
Batting: LHB Jeff Alphonso
|
0-0: Foul Ball, location: 2F 0-1: Foul Ball, location: 2F 0-2: Foul Ball, location: 2F 0-2: Strikes out swinging
|
| Top of the 6th over - 0 runs, 0 hits, 0 errors, 0 left on base; Great Falls 0 - Oakland (APP) 0 |
| BOTTOM OF THE 6TH |
|
Oakland (APP) Athletics batting - Pitching for Great Falls Voyagers : RHP Dicky Goedhart
|
|
Pitching: LHP Ray Sowers
|
|
|
Batting: LHB Nick Pacheco
|
0-0: Called Strike 0-1: Ball 1-1: Ball 2-1: Ball 3-1: Base on Balls
|
|
Batting: LHB Tomas Segarra
|
0-0: Ball 1-0: Ball 2-0: Ball 3-0: Base on Balls Nick Pacheco to second
|
|
Batting: RHB Matt Sherard
|
0-0: Foul Ball, location: 2F 0-1: Foul Ball, location: 2F 0-2: Ball 1-2: SINGLE (Groundball, 6MD, EV 101.9 MPH) Nick Pacheco to third Tomas Segarra to second
|
|
Batting: SHB D.J. Codd
|
0-0: Ball 1-0: Foul Ball, location: 2F 1-1: Ball 2-1: Ball 3-1: Called Strike 3-2: DOUBLE (Line Drive, 3D, EV 104.4 MPH) Nick Pacheco scores Tomas Segarra scores Matt Sherard to third Throwing error, E9 Matt Sherard scores D.J. Codd to third
|
|
Batting: RHB Scott Wiggs
|
0-0: Intentional Walk
|
|
Pitching: LHP Yusufu Mustafa
|
|
|
Batting: LHB Gregg Power
|
0-0: Called Strike 0-1: Ball 1-1: Foul Ball, location: 2F 1-2: Grounds out, U3 (Groundball, 3L, EV 105.0 MPH) D.J. Codd scores
|
|
Batting: RHB Moses Brokken
|
0-0: Called Strike 0-1: Called Strike 0-2: Strikes out swinging
|
|
Batting: RHB Shannon Beck
|
0-0: Called Strike 0-1: Foul Ball, location: 2F 0-2: Ground out 6-3 (Groundball, 6, EV 85.0 MPH)
|
| Bottom of the 6th over - 4 runs, 2 hits, 1 error, 1 left on base; Great Falls 0 - Oakland (APP) 4 |
| TOP OF THE 7TH |
|
Great Falls Voyagers batting - Pitching for Oakland (APP) Athletics : RHP Craig Daniel
|
|
Pitching: LHP Noah Young
|
|
|
Batting: RHB Mitch Cuadros
|
0-0: Called Strike 0-1: Fly out, F7 (Line Drive, 7LM, EV 91.9 MPH)
|
|
Batting: RHB Jake Feinstein
|
0-0: Foul Ball, location: 2F 0-1: Ball 1-1: SOLO HOME RUN (Flyball, 78XD, EV 105.0 MPH), Distance : 412 ft
|
|
Batting: RHB David Rhodes
|
0-0: Ball 1-0: Swinging Strike 1-1: Ball 2-1: Ball 3-1: Base on Balls
|
|
Batting: RHB Billy Grubbs
|
0-0: Swinging Strike 0-1: Fly out, F9 (Flyball, 9D, EV 101.9 MPH)
|
|
Batting: RHB Kasey Bland
|
0-0: Ball 1-0: Called Strike 1-1: Swinging Strike 1-2: Strikes out swinging
|
| Top of the 7th over - 1 run, 1 hit, 0 errors, 1 left on base; Great Falls 1 - Oakland (APP) 4 |
| BOTTOM OF THE 7TH |
|
Oakland (APP) Athletics batting - Pitching for Great Falls Voyagers : LHP Yusufu Mustafa
|
|
Batting: RHB Zack DiCicco
|
0-0: Foul Ball, location: 2F 0-1: Foul Ball, location: 2F 0-2: Ball 1-2: Ball 2-2: Ball 3-2: Fly out, F9 (Flyball, 9, EV 91.9 MPH)
|
|
Batting: LHB Nick Pacheco
|
0-0: Ball 1-0: Called Strike 1-1: Fly out, F5 (Popup, 15, EV 79.4 MPH)
|
|
Batting: LHB Tomas Segarra
|
0-0: Ball 1-0: Foul Ball, location: 2F 1-1: SINGLE (Line Drive, 78S, EV 111.2 MPH)
|
|
Batting: RHB Matt Sherard
|
0-0: Ball 1-0: Fly out, F5 (Line Drive, 5L, EV 71.9 MPH)
|
| Bottom of the 7th over - 0 runs, 1 hit, 0 errors, 1 left on base; Great Falls 1 - Oakland (APP) 4 |
| TOP OF THE 8TH |
|
Great Falls Voyagers batting - Pitching for Oakland (APP) Athletics : LHP Noah Young
|
|
Now at SS: Antonio Olivares
|
|
|
Now in LF: Matt Sherard
|
|
|
Batting: RHB Vladmiri Nugaibekov
|
0-0: Swinging Strike 0-1: SOLO HOME RUN (Flyball, 78XD, EV 103.1 MPH), Distance : 406 ft
|
|
Batting: SHB Jay Gagnon
|
0-0: Called Strike 0-1: Called Strike 0-2: Ball 1-2: Ball 2-2: Foul Ball, location: 2F 2-2: SINGLE (Line Drive, 3D, EV 93.8 MPH)
|
|
Batting: RHB Mike Rosa
|
0-0: Ball 1-0: SINGLE (Line Drive, 34D, EV 98.1 MPH) Jay Gagnon to second Runner from 2nd tries for 3rd, SAFE, throw by RF made to third
|
|
Pitching: RHP Jesus Moreno
|
|
|
Batting: LHB Jeff Alphonso
|
0-0: Ball 1-0: Ball 2-0: Ball 3-0: Called Strike 3-1: Swinging Strike 3-2: Foul Ball, location: 2F 3-2: Base on Balls Mike Rosa to second
|
|
Batting: LHB Justin Stickney
|
0-0: SINGLE (Groundball, 34, EV 105.6 MPH) Jay Gagnon scores Mike Rosa to third Jeff Alphonso to second Runner from 3rd tries for Home, SAFE, throw by RF to home Jeff Alphonso to third Justin Stickney to second
|
|
Batting: RHB Jake Feinstein
|
0-0: Called Strike 0-1: Ball 1-1: Foul Ball, location: 2F 1-2: Ball 2-2: Foul Ball, location: 2F 2-2: Ball 3-2: Foul Ball, location: 2F 3-2: Foul Ball, location: 2F 3-2: Base on Balls
|
|
Pinch Hitting: SHB Ethan Villalobos
|
0-0: Ball 1-0: Called Strike 1-1: Ball 2-1: Foul Ball, location: 2F 2-2: Strikes out looking
|
|
Batting: RHB Billy Grubbs
|
0-0: Ball 1-0: Called Strike 1-1: Foul Ball, location: 2F 1-2: Ball 2-2: Strikes out looking
|
|
Batting: RHB Kasey Bland
|
0-0: Ball 1-0: Called Strike 1-1: Swinging Strike 1-2: Strikes out swinging
|
| Top of the 8th over - 3 runs, 4 hits, 0 errors, 3 left on base; Great Falls 4 - Oakland (APP) 4 |
| BOTTOM OF THE 8TH |
|
Oakland (APP) Athletics batting - Pitching for Great Falls Voyagers : LHP Yusufu Mustafa
|
|
Now at 1B: Ethan Villalobos
|
|
|
Batting: RHB Antonio Olivares
|
0-0: Called Strike 0-1: Foul Ball, location: 2F 0-2: Strikes out looking
|
|
Batting: RHB Scott Wiggs
|
0-0: Fly out, F9 (Flyball, 89D, EV 95.0 MPH)
|
|
Batting: LHB Gregg Power
|
0-0: Called Strike 0-1: Ball 1-1: Ball 2-1: Fly out, F7 (Flyball, 7S, EV 83.8 MPH)
|
| Bottom of the 8th over - 0 runs, 0 hits, 0 errors, 0 left on base; Great Falls 4 - Oakland (APP) 4 |
| TOP OF THE 9TH |
|
Great Falls Voyagers batting - Pitching for Oakland (APP) Athletics : RHP Jesus Moreno
|
|
Batting: RHB Vladmiri Nugaibekov
|
0-0: Swinging Strike 0-1: Ground out 5-3 (Groundball, 56S, EV 61.2 MPH)
|
|
Batting: SHB Jay Gagnon
|
0-0: Ball 1-0: Swinging Strike 1-1: Swinging Strike 1-2: Ball 2-2: Strikes out swinging
|
|
Pitching: LHP Marc Wentzell
|
|
|
Batting: RHB Mike Rosa
|
0-0: Ball 1-0: Ball 2-0: Foul Ball, location: 2F 2-1: Ball 3-1: Called Strike 3-2: Foul Ball, location: 2F 3-2: Foul Ball, location: 2F 3-2: DOUBLE (Groundball, 3L, EV 100.0 MPH)
|
|
Pinch Hitting: RHB Andy Cotton
|
0-0: Intentional Walk
|
|
Batting: LHB Justin Stickney
|
0-0: Called Strike 0-1: Ball 1-1: Swinging Strike 1-2: Strikes out swinging
|
| Top of the 9th over - 0 runs, 1 hit, 0 errors, 2 left on base; Great Falls 4 - Oakland (APP) 4 |
| BOTTOM OF THE 9TH |
|
Oakland (APP) Athletics batting - Pitching for Great Falls Voyagers : LHP Yusufu Mustafa
|
|
Now in RF: Andy Cotton
|
|
|
Batting: RHB Moses Brokken
|
0-0: Ball 1-0: Ball 2-0: Called Strike 2-1: Swinging Strike 2-2: Strikes out looking
|
|
Batting: RHB Shannon Beck
|
0-0: Hit by Pitch
|
|
Pitching: RHP Alec Guglielmo
|
|
|
Pinch Hitting: LHB Tom Raupp
|
0-0: Foul Ball, location: 2F 0-1: Fly out, F3 (Line Drive, 3, EV 65.6 MPH) Lined into DP, U3 (Line Drive, 3, EV 68.1 MPH)
|
| Bottom of the 9th over - 0 runs, 0 hits, 0 errors, 0 left on base; Great Falls 4 - Oakland (APP) 4 |
| TOP OF THE 10TH |
|
Great Falls Voyagers batting - Pitching for Oakland (APP) Athletics : LHP Marc Wentzell
|
|
Pitching: RHP Thomas Crowner
|
|
|
Now at 3B: Augustin Cormier
|
|
|
Batting: RHB Jake Feinstein
|
0-0: Ball 1-0: Called Strike 1-1: Ball 2-1: Ball 3-1: Base on Balls
|
|
Batting: SHB Ethan Villalobos
|
0-0: Ball 1-0: Ball Jake Feinstein is caught stealing 2nd base 2-6 2-0: Swinging Strike 2-1: Ground out U3 (Groundball, 3, EV 88.8 MPH)
|
|
Batting: RHB Billy Grubbs
|
0-0: Ball 1-0: Ball 2-0: Fly out, F8 (Flyball, 8RXD, EV 99.4 MPH)
|
| Top of the 10th over - 0 runs, 0 hits, 0 errors, 0 left on base; Great Falls 4 - Oakland (APP) 4 |
| BOTTOM OF THE 10TH |
|
Oakland (APP) Athletics batting - Pitching for Great Falls Voyagers : RHP Alec Guglielmo
|
|
Pitching: RHP Chris Worster
|
|
|
Batting: LHB Nick Pacheco
|
0-0: Ball 1-0: Foul Ball, location: 2F 1-1: DOUBLE (Groundball, 3L, EV 98.1 MPH)
|
|
Batting: LHB Tomas Segarra
|
0-0: Intentional Walk
|
|
Batting: RHB Matt Sherard
|
0-0: Ball 1-0: Called Strike 1-1: Foul Ball, location: 2F 1-2: Strikes out swinging
|
|
Batting: RHB Antonio Olivares
|
0-0: Ball 1-0: Ball 2-0: Called Strike 2-1: Ball 3-1: Base on Balls Nick Pacheco to third Tomas Segarra to second
|
|
Batting: RHB Scott Wiggs
|
0-0: Ball 1-0: Called Strike 1-1: Ball 2-1: Ball 3-1: Called Strike 3-2: Fly out, F8 (Flyball, 8LD, EV 85.6 MPH) Runner from 3rd tags up, OUT at HOME! 8-2
|
| Bottom of the 10th over - 0 runs, 1 hit, 0 errors, 2 left on base; Great Falls 4 - Oakland (APP) 4 |
| TOP OF THE 11TH |
|
Great Falls Voyagers batting - Pitching for Oakland (APP) Athletics : RHP Thomas Crowner
|
|
Batting: RHB Kasey Bland
|
0-0: Called Strike 0-1: Ball 1-1: Foul Ball, location: 2F 1-2: SINGLE (Groundball, 34D, EV 100.6 MPH)
|
|
Batting: RHB Vladmiri Nugaibekov
|
0-0: Ball Kasey Bland steals 2nd base (no throw) 1-0: Ground out U3 (Groundball, 3, EV 91.2 MPH) Kasey Bland to third
|
|
Batting: SHB Jay Gagnon
|
0-0: Ball 1-0: Swinging Strike 1-1: Called Strike 1-2: Strikes out swinging
|
|
Batting: RHB Mike Rosa
|
0-0: Foul Ball, location: 2F 0-1: Foul Ball, location: 2F 0-2: Strikes out swinging
|
| Top of the 11th over - 0 runs, 1 hit, 0 errors, 1 left on base; Great Falls 4 - Oakland (APP) 4 |
| BOTTOM OF THE 11TH |
|
Oakland (APP) Athletics batting - Pitching for Great Falls Voyagers : RHP Chris Worster
|
|
Batting: LHB Gregg Power
|
0-0: Called Strike 0-1: Ball 1-1: Called Strike 1-2: Ball 2-2: DOUBLE (Line Drive, 9LS, EV 108.1 MPH)
|
|
Batting: RHB Moses Brokken
|
0-0: Called Strike 0-1: Ball 1-1: Called Strike 1-2: Ground out 4-3 (Groundball, 4MD, EV 78.1 MPH) Gregg Power to third
|
|
Batting: RHB Shannon Beck
|
0-0: Swinging Strike 0-1: 2-RUN HOME RUN (Flyball, 7LD, EV 98.1 MPH), Distance : 344 ft
|
| Bottom of the 11th over - 2 runs, 2 hits, 0 errors, 0 left on base; Great Falls 4 - Oakland (APP) 6 |
|